 Dungeon Crawl Stone Soup version 0.19-a0-1493-gd0fcaa6 (webtiles) character file.

246 Kidiri the Magician (level 5, 0/28 HPs)
             Began as a Deep Elf Fire Elementalist on Sept 9, 2016.
             Splashed by an orc's acid (17 damage)
             ... on level 3 of the Dungeon.
             The game lasted 00:08:15 (3474 turns).

Kidiri the Magician (Deep Elf Fire Elementalist)    Turns: 3474, Time: 00:08:16

Health: 0/28       AC:  1    Str:  5    XL:     5   Next: 84%
Magic:  7/15       EV: 13    Int: 23    God:
Gold:   119        SH:  0    Dex: 17    Spells: 5 memorised, 3 levels left

rFire  . . .     SeeInvis .     q - +0 dagger
rCold  . . .     Gourm    .     a - +0 robe
rNeg   . . .     Faith    .     (no shield)
rPois  +         Spirit   .     (no helmet)
rElec  .         Dismiss  .     i - +0 cloak
rCorr  .         Reflect  .     (no gloves)
MR     .....     Harm     .     o - +1 pair of boots
Stlth  ++........               (no amulet)
                                (no ring)
                                t - ring of poison resistance

@: corroded
A: agile 1, blurry vision 1, clever 1
a: no special abilities


You were on level 3 of the Dungeon.
You were not hungry.

You visited 1 branch of the dungeon, and saw 3 of its levels.

You collected 119 gold pieces.

Inventory:

Hand Weapons
 q - a +0 dagger (weapon)
Armour
 a - a +0 robe (worn)
 i - a +0 cloak (worn)
 o - a +1 pair of boots (worn)
Jewellery
 t - a ring of poison resistance (left hand)
Scrolls
 k - a scroll of remove curse
Potions
 e - a potion of curing
 f - a potion of resistance
 h - 2 potions of brilliance
 j - a potion of might {unknown}
 l - a potion of berserk rage {unknown}
 m - a potion of ambrosia {unknown}
 n - a potion of cancellation {unknown}
 p - 2 potions of heal wounds {unknown}
 r - 2 potions of haste {unknown}
 u - a potion of lignification {unknown}
Books
 b - a book of Flames

   Spells                             Type                      Level
   a - Flame Tongue                   Conjuration/Fire             1
   b - Throw Flame                    Conjuration/Fire             2
   c - Conjure Flame                  Conjuration/Fire             3
   d - Inner Flame                    Hexes/Fire                   3
   e - Sticky Flame                   Conjuration/Fire             4
   f - Fireball                       Conjuration/Fire             5
Comestibles
 c - 3 bread rations
 d - 2 meat rations
 g - 2 beef jerkies
 s - 3 chunks of flesh


   Skills:
 - Level 2.4 Dodging
 - Level 2.4 Stealth
 * Level 6.4 Spellcasting
 + Level 2.8 Conjurations
 + Level 4.7 Fire Magic


You had 3 spell levels left.
You knew the following spells:

 Your Spells              Type           Power        Failure   Level  Hunger
a - Flame Tongue          Conj/Fire      ###..        1%          1    None
b - Throw Flame           Conj/Fire      ###...       2%          2    None
c - Conjure Flame         Conj/Fire      ###.....     8%          3    #......
d - Inner Flame           Hex/Fire       ###.....     12%         3    #......
e - Sticky Flame          Conj/Fire      ###.....     21%         4    ###....


Dungeon Overview and Level Annotations

Branches:
Dungeon (3/15)

Altars:
Ru
Sif Muna

Annotations:
D:3 dvd's ghost, amateur MiGl


Innate Abilities, Weirdness & Mutations

You are agile. (Dex +2)
Scrolls take you a little longer to read.
Your mind is acute. (Int +2)


Message History

You kill the orc!
Casting: Flame Tongue
Confirm with . or Enter, or press ? or * to list all spells.
Aiming: Flame Tongue
Press: ? - help, Shift-Dir - straight line, f - orc
Aim: an orc, wielding a club and wearing a leather armour
Okay, then.
A rat comes into view.
Things that are here:
a hand axe; an orc corpse
Casting: Flame Tongue
Confirm with . or Enter, or press ? or * to list all spells.
Aiming: Inner Flame
Press: ? - help, Shift-Dir - straight line, f - orc
Aim: an orc, wielding a club and wearing a leather armour (chance to defeat MR: 93%)
The orc is filled with an inner flame.
The orc zaps a wand.
The bolt of acid hits you! The acid corrodes you!
The acid burns!
Ouch! That really hurt!
You die...

# ################## #.
..#.............# ..
#.#@###########.#
#.#.#ยง#########.#.#
#....oo.........#.#.#
###r..###.........#.#
........o..#.#####.#.#.##
...#.#.#.#.#.#####.#.#.#.
. ......W..........#.....
###.###.#.#.#......)....
.. Wo....'...........


You could see dvd's ghost, 3 orcs and a rat.

Vanquished Creatures
  Crazy Yiuf (D:2)
  2 orc wizards (D:3)
  Ijyb (D:3)
  Natasha (D:3)
  4 adders
  2 dart slugs
  A giant gecko (D:2)
  7 orcs (D:3)
  7 bats
  5 giant cockroaches
  9 goblins
  5 hobgoblins
  2 jackals (D:3)
  A quokka (D:3)
  5 giant newts
  7 kobolds
  9 rats
  A fungus (D:2)
70 creatures vanquished.

Notes
Turn   | Place    | Note
-------+----------+-------------------------------------------
     0 | D:1      | Kidiri the Deep Elf Fire Elementalist began the quest for the Orb.
     0 | D:1      | Reached XP level 1. HP: 10/10 MP: 6/6
   402 | D:1      | Reached XP level 2. HP: 15/15 MP: 3/8
   654 | D:1      | Learned a level 2 spell: Throw Flame
   901 | D:1      | Reached skill level 4 in Spellcasting
  1193 | D:2      | Reached XP level 3. HP: 19/19 MP: 7/10
  1198 | D:2      | Learned a level 3 spell: Conjure Flame
  1202 | D:2      | Learned a level 3 spell: Inner Flame
  1255 | D:2      | Gained mutation: Scrolls take you a little longer to read. [potion of mutation]
  1255 | D:2      | Gained mutation: You are agile. (Dex +2) [potion of mutation]
  1255 | D:2      | Gained mutation: Your mind is acute. (Int +2) [potion of mutation]
  1404 | D:2      | Found a runed door.
  1967 | D:2      | Found a deep blue altar of Sif Muna.
  2038 | D:2      | Noticed Crazy Yiuf
  2044 | D:2      | Killed Crazy Yiuf
  2044 | D:2      | Reached skill level 5 in Spellcasting
  2044 | D:2      | Reached XP level 4. HP: 24/24 MP: 2/13
  2085 | D:2      | Learned a level 4 spell: Sticky Flame
  2209 | D:3      | Found a sacrificial altar of Ru.
  2502 | D:3      | Reached XP level 5. HP: 27/28 MP: 5/15
  2799 | D:3      | Noticed Ijyb
  2809 | D:3      | Killed Ijyb
  2809 | D:3      | Reached skill level 6 in Spellcasting
  2979 | D:3      | Noticed Natasha
  3056 | D:3      | Killed Natasha
  3466 | D:3      | Noticed dvd's ghost (amateur MiGl)
  3474 | D:3      | Splashed by an orc's acid

Vault maps used:
D:1:      mrwooster_arrival_statue_3
D:2:      led_sif_pool, first_bread, hangedman_decor_clover_reticule,
          grunt_ministairs_14, fountainhead, uniq_crazy_yiuf_cottage
D:3:      nicolae_ru_great_annihilating_truth, uniq_natasha, uniq_iyjb

Skill      XL: |  1  2  3  4  5 |
---------------+----------------+-----
Spellcasting   | 4 5 6 |  6.4
Conjurations   | 2 |  2.8
Fire Magic     | 4 |  4.7
Dodging        | |  2.4
Stealth        | |  2.4

Action                   |  1- 3 |  4- 6 || total
-------------------------+-------+-------++-------
Melee: Unarmed           |    16 |       ||    16
       Short sword       |    24 |       ||    24
       Dagger            |     3 |    37 ||    40
 Cast: Flame Tongue      |    67 |    39 ||   106
       Throw Flame       |     2 |     2 ||     4
       Conjure Flame     |     1 |     2 ||     3
       Sticky Flame      |       |     3 ||     3
       Inner Flame       |       |     2 ||     2
  Use: Scroll            |     8 |     2 ||    10
       Potion            |     1 |       ||     1
 Stab: Sleeping          |     3 |     3 ||     6
  Eat: Chunk             |     3 |     5 ||     8
Armor: Robe              |    14 |    15 ||    29
Dodge: Dodged            |    38 |    27 ||    65
